 Dungeon Crawl Stone Soup version 0.29-a0-994-gc5c9f59d18 (webtiles) character file.

Game seed: 16849471924602640697

52 vurker the Sneak (level 3, 0/18 HPs)
             Began as a Vine Stalker Enchanter on Aug 3, 2022.
             Succumbed to an adder's poison
             ... on level 2 of the Dungeon.
             The game lasted 00:01:55 (2275 turns).

vurker the Sneak (Vine Stalker Enchanter)           Turns: 2275, Time: 00:01:56

Health: 0/18       AC:  3    Str: 12    XL:     3   Next: 85%
Magic:  2/7        EV: 12    Int: 15    God:
Gold:   84         SH:  0    Dex: 14    Spells: 6/6 levels left

rFire   . . .      SeeInvis .   a - +1 dagger
rCold   . . .      Faith    .   (no shield)
rNeg    . . .      Spirit   +   b - +0 robe
rPois   .          Reflect  .   (no helmet)
rElec   .          Harm     .   h - scarf {shadows}
rCorr   .          Rampage  .   (no gloves)
Will    .....                   m - +0 pair of boots
Stlth   +.........              (no amulet)
HPRegen 0.06/turn               (no ring)
MPRegen 0.10/turn               (no ring)

@: lethally poisoned (0 -> -11), very slow
A: fangs 2, magic shield, antimagic bite, no potion heal 2
a: no special abilities


You were on level 2 of the Dungeon.
You visited 1 branch of the dungeon, and saw 2 of its levels.

You collected 84 gold pieces.

Inventory:

Hand Weapons
 a - a +1 dagger (weapon)
 q - a +0 short sword
   (You took it off an orc on level 1 of the Dungeon)
Armour
 b - a +0 robe (worn)
 h - a scarf of shadows (worn)
   (You found it on level 1 of the Dungeon)
 m - a +0 pair of boots (worn)
   (You found it on level 1 of the Dungeon)
 r - a +0 scale mail
   (You took it off an orc on level 1 of the Dungeon)
Wands
 p - a wand of light (8)
   (You found it on level 2 of the Dungeon)
Scrolls
 d - a scroll of teleportation {unknown}
 e - 2 scrolls of identify
 g - a scroll of fear {unknown}
 i - 2 scrolls of blinking {unknown}
 l - a scroll of acquirement {unknown}
 n - a scroll of silence {unknown}
Potions
 c - 2 potions of invisibility
 o - a potion of mutation


   Skills:
 + Level 1.4 Fighting
 * Level 2.7 Short Blades
 - Level 1.5 Dodging
 - Level 3.6 Stealth
 - Level 2.1 Spellcasting
 - Level 3.0 Hexes


You had 6 spell levels left.
You didn't know any spells.
Your spell library contained the following spells:

 Spells                   Type           Power      Damage    Failure   Level
 Ensorcelled Hibernation  Hex/Ice        12%        N/A       19%         2
 Confusing Touch          Hex            10%        N/A       19%         3
 Tukima's Dance           Hex            10%        N/A       19%         3
 Dazzling Flash           Conj/Hex       12%        N/A       34%         3
 Spider Form              Tmut/Pois      1%         N/A       54%         3
 Anguish                  Hex/Necr       3%         N/A       75%         4


Dungeon Overview and Level Annotations

Branches:
Dungeon (2/15)

Altars:


Innate Abilities, Weirdness & Mutations

You have extremely sharp teeth.
When hurt, damage is shared between your health and your magic reserves.
Your bite disrupts and absorbs the magic of your enemies.
Potions cannot restore your health.


Message History

Moving in this stuff is going to be slow.
You open the door.
There is an open door here.
You open the large door.
There is a large open door here.
You enter the shallow water.
Moving in this stuff is going to be slow.
You open the door.
There is an open door here.
You enter the shallow water.
Moving in this stuff is going to be slow.
You enter the shallow water.
Moving in this stuff is going to be slow.
Key pressed, stopping explore.
You enter the shallow water.
Moving in this stuff is going to be slow.
An adder comes into view.
The adder hisses angrily.
The adder bites you.
You are poisoned.
The adder poisons you!
You barely miss the adder. Your bite misses the adder.
You feel sick. The adder closely misses you.
Your unstable footing causes you to fumble your attack.
You feel sick. The adder barely misses you.
You hit the adder. Your bite misses the adder.
You feel sick. The adder barely misses you.
You hit the adder but do no damage. The adder closely misses you.
Your unstable footing causes you to fumble your attack.
You feel sick. The adder bites you.
Your unstable footing causes you to fumble your attack.
You feel sick. The adder bites you but does no damage. The adder bites you.
* * * LOW HITPOINT WARNING * * *
You are too injured to fight recklessly!
You miss the adder. Your bite misses the adder.
You feel sick.
You are no longer poisoned.
The adder bites you.
* * * LOW HITPOINT WARNING * * *
Your unstable footing causes you to fumble your attack.
The adder bites you.
* * * LOW HITPOINT WARNING * * *
You are lethally poisoned!
The adder poisons you!
You miss the adder. Your bite misses the adder.
* * * LOW HITPOINT WARNING * * *
You feel sick. The adder bites you.
You are more poisoned.
The adder poisons you!
You hit the adder. Your bite misses the adder.
You die...

### ### ### #.#########.#######.#
#############................†...
..............###################
############### #############...
## ###~~~≈~≈~~~~##.## ~~#
##@~~~~~≈~≈~~~~#...
#.####S#~~~~~~~≈~~~##..#
#....######~~~≈~####..# #....#
##~~~≈≈~~~~~#..# #....#
#~~~≈≈≈~~~~~#..#
#....###~≈~~~#######..#
##''###~≈≈≈~~.PP..P#..#
#..##~~~≈≈≈~~..##'#...
#####'####~~~~≈~~.#..#...


You could see an adder.

Vanquished Creatures
  5 dart slugs (D:1)
  4 orcs
  4 endoplasms
  A giant cockroach (D:1)
  4 goblins
  6 hobgoblins
  A quokka (D:2)
  A ball python (D:1)
  5 bats (D:1)
  A frilled lizard (D:1)
  A kobold (D:1)
  A rat (D:1)
34 creatures vanquished.

Vanquished Creatures (others)
  7 plants (D:2)
7 creatures vanquished.

Grand Total: 41 creatures vanquished

Notes
Turn   | Place    | Note
-------+----------+-------------------------------------------
     0 | D:1      | vurker the Vine Stalker Enchanter began the quest for the
                  | Orb.
     0 | D:1      | Reached XP level 1. HP: 9/9 MP: 4/4
    79 | D:1      | Reached skill level 1 in Short Blades
   153 | D:1      | Reached XP level 2. HP: 8/14 MP: 6/6
   379 | D:1      | Reached skill level 1 in Fighting
   634 | D:1      | Reached XP level 3. HP: 18/18 MP: 7/7
  2275 | D:2      | Succumbed to an adder's poison

Illustrated notes

Levels and vault maps discovered:
D:1:      moated_graveyard_arrival, layout_basic, minmay_tree_intersection
D:2:      wad_lake_hut, layout_basic, chequers_serial_rivers_small_a,
          minmay_door_square, minmay_misc_feat_pillars, minmay_misc_feat_plants

Skill      XL: |  1  2 |
---------------+-------+-----
Short Blades   | 1 2 |  2.7
Fighting       | 1 |  1.4
Dodging        | |  1.5
Stealth        | |  3.6
Spellcasting   | |  2.1
Hexes          | |  3.0

Action                   || total
-------------------------++-------
Melee: Dagger            ||   127
       Bite              ||    38
       Punch             ||     1
  Use: Scroll            ||     4
 Stab: Sleeping          ||     6
Armor: Robe              ||    25
Dodge: Dodged            ||    84

Table legend: (Time is in decaauts)
 A = Elapsed time spent in this place.
 B = Non-inter-level travel time spent in this place.
 C = Inter-level travel time spent in this place.
 D = Time resting spent in this place.
 E = Time spent auto-exploring this place.
 F = Levels seen in this place.
 G = Mean time per level.
                   A        B        C        D        E       F      G
               +--------+--------+--------+--------+--------+-----+--------+
         Total |   2286 |   2261 |     25 |    230 |   1678 |   2 | 1143.0 |
       Dungeon |   2286 |   2261 |     25 |    230 |   1678 |   2 | 1143.0 |
               +--------+--------+--------+--------+--------+-----+--------+

Top non-repeatable levels by time:
     D:1: 1347 daAuts
     D:2: 938 daAuts
